 Dungeon Crawl Stone Soup version 0.24.0-37-gcf1ca852f1 (webtiles) character file.

Game seed: 8235853466396670041, levelgen mode: deterministic

133 MisterFreud the Shield-Bearer (level 5, -1/47 HPs)
             Began as a Gnoll Fighter on Dec 6, 2019.
             Was an Initiate of Ru.
             Killed from afar by an orc wizard (6 damage)
             ... with a puff of flame
             ... on level 3 of the Dungeon.
             The game lasted 00:04:20 (1954 turns).

MisterFreud the Shield-Bearer (Gnoll Fighter)       Turns: 1954, Time: 00:04:20

Health: -1/47      AC:  7    Str: 18    XL:     5   Next: 16%
Magic:  7/7        EV:  8    Int: 12    God:    Ru [......]
Gold:   122        SH: 11    Dex: 14    Spells: 6/6 levels left

rFire    . . .     SeeInvis .   a - +1 long sword
rCold    . . .     Gourm    .   c - +1 shield
rNeg     . . .     Faith    .   b - +0 scale mail
rPois    .         Spirit   .   (no helmet)
rElec    .         Reflect  .   (no cloak)
rCorr    .         Harm     .   (no gloves)
MR       .....                  (no boots)
Stlth    ..........             q - amulet of inaccuracy
HPRegen  0.15/turn              (no ring)
MPRegen  0.10/turn              (no ring)

@: no status effects
A: distributed training, fangs 1, strong nose
a: Renounce Religion


You were on level 3 of the Dungeon.
You worshipped Ru.
Ru was noncommittal.
You were hungry.

You visited 1 branch of the dungeon, and saw 3 of its levels.

You collected 122 gold pieces.

Inventory:

Hand Weapons
 a - a +1 long sword (weapon)
Missiles
 g - 4 boomerangs of dispersal (quivered)
 k - 26 stones
 m - 5 atropa-tipped darts
 o - 20 sling bullets
Armour
 b - a +0 scale mail (worn)
 c - a +1 shield (worn)
Jewellery
 q - an amulet of inaccuracy (around neck)
Scrolls
 h - 2 scrolls of identify
 i - a scroll of enchant weapon
 j - a scroll of fear
 l - 2 scrolls of remove curse
Potions
 d - 2 potions of might
 e - a potion of resistance
 p - a potion of magic
Comestibles
 f - 3 rations


   Skills:
 + Level 6.6 Fighting
 + Level 1.3 Short Blades
 + Level 4.7 Long Blades
 + Level 1.3 Axes
 + Level 1.3 Maces & Flails
 + Level 1.3 Polearms
 + Level 1.3 Staves
 + Level 1.3 Slings
 + Level 1.3 Bows
 + Level 1.3 Crossbows
 + Level 1.3 Throwing
 + Level 6.6 Armour
 + Level 1.3 Dodging
 + Level 1.3 Stealth
 + Level 6.6 Shields
 + Level 1.3 Unarmed Combat
 + Level 1.3 Spellcasting
 + Level 1.1 Conjurations
 + Level 1.1 Hexes
 + Level 1.1 Charms
 + Level 1.1 Summonings
 + Level 1.1 Necromancy
 + Level 1.1 Translocations
 + Level 1.1 Transmutations
 + Level 1.1 Fire Magic
 + Level 1.1 Ice Magic
 + Level 1.1 Air Magic
 + Level 1.1 Earth Magic
 + Level 1.1 Poison Magic
 + Level 1.5 Invocations
 + Level 1.3 Evocations


You had 6 spell levels left.
You didn't know any spells.
Your spell library contained the following spells:

 Spells                   Type           Power        Failure   Level  Hunger
 Animate Skeleton         Necr           N/A          83%         1    ##.....
 Apportation              Tloc           #.....       83%         1    ##.....
 Confusing Touch          Hex            #.....       83%         1    ##.....
 Summon Small Mammal      Summ           #...         83%         1    ##.....


Dungeon Overview and Level Annotations

Branches:
Dungeon (3/15)

Altars:
Hepliaklqana
Makhleb
Ru


Innate Abilities, Weirdness & Mutations

Your experience applies equally to all skills.
You have very sharp teeth.
Your uncanny sense of smell can sniff out nearby items.


Message History

The orc wizard casts a spell.
The orc wizard flickers and vanishes!
Deactivating autopickup; reactivate with Ctrl-A.
You closely miss something. Your bite misses something.
Something hits you but does no damage.
You hear some strange, mumbled words.
A puff of flame appears from out of thin air!
The puff of flame hits you!
* * * LOW HITPOINT WARNING * * *
You miss something. You bite something.
Something hits you but does no damage. x2
Something hits you but does no damage. Something hits you but does no damage.
Things that are here:
a +0 short sword; a frilled lizard corpse; a kobold corpse You see here a leopard gecko corpse.
Okay, then.
You hear some strange, mumbled words.
A puff of flame appears from out of thin air!
The puff of flame hits you.
You die...

.........#######.# .. .
#.#####....#.. ..# ..#.. #.#
#.####.###.# ....# #.#
#....#.#...## ......
#.##########.#....####:....#
#.#............._..).....#
#.#.###.#######...†#.#.....
#.#.# #.# ##...#.# ... #.#.#
#.# #@###.# . #.#.###.#
#.....# ........# #.#####
#.####### #.# #.# #.. ... ∆
... .... ##. ..... ∆ .#
......


There were no monsters in sight!

Vanquished Creatures
  An orc wizard (D:2)
  4 adders (D:2)
  2 dart slugs
  3 leopard geckos
  An orc (D:3)
  2 ball pythons (D:1)
  5 giant cockroaches
  5 goblins
  9 hobgoblins
  2 jackals (D:2)
  9 kobolds
  7 bats
  5 frilled lizards
  5 rats
60 creatures vanquished.

Notes
Turn   | Place    | Note
-------+----------+-------------------------------------------
     0 | D:1      | MisterFreud the Gnoll Fighter began the quest for the Orb.
     0 | D:1      | Reached XP level 1. HP: 23/23 MP: 1/1
    48 | D:1      | Reached XP level 2. HP: 29/29 MP: 2/2
    50 | D:1      | You fall into a shaft and drop 1 floor!
   235 | D:1      | Reached XP level 3. HP: 31/35 MP: 3/3
   650 | D:1      | Reached skill level 1 in Invocations
   801 | D:2      | Reached skill level 1 in Short Blades
   801 | D:2      | Reached skill level 1 in Axes
   801 | D:2      | Reached skill level 1 in Maces & Flails
   801 | D:2      | Reached skill level 1 in Polearms
   801 | D:2      | Reached skill level 1 in Staves
   801 | D:2      | Reached skill level 1 in Slings
   801 | D:2      | Reached skill level 1 in Bows
   801 | D:2      | Reached skill level 1 in Crossbows
   801 | D:2      | Reached skill level 1 in Throwing
   801 | D:2      | Reached skill level 1 in Dodging
   801 | D:2      | Reached skill level 1 in Stealth
   801 | D:2      | Reached skill level 1 in Unarmed Combat
   801 | D:2      | Reached skill level 1 in Spellcasting
   801 | D:2      | Reached skill level 1 in Evocations
   903 | D:2      | Reached XP level 4. HP: 40/41 MP: 5/5
   918 | D:2      | Found a sacrificial altar of Ru.
  1158 | D:2      | Reached skill level 1 in Conjurations
  1158 | D:2      | Reached skill level 1 in Hexes
  1158 | D:2      | Reached skill level 1 in Charms
  1158 | D:2      | Reached skill level 1 in Summonings
  1158 | D:2      | Reached skill level 1 in Necromancy
  1158 | D:2      | Reached skill level 1 in Translocations
  1158 | D:2      | Reached skill level 1 in Transmutations
  1158 | D:2      | Reached skill level 1 in Fire Magic
  1158 | D:2      | Reached skill level 1 in Ice Magic
  1158 | D:2      | Reached skill level 1 in Air Magic
  1158 | D:2      | Reached skill level 1 in Earth Magic
  1158 | D:2      | Reached skill level 1 in Poison Magic
  1445 | D:2      | Became a worshipper of Ru the Awakened
  1505 | D:2      | Found a sacrificial altar of Ru.
  1546 | D:2      | Found a burning altar of Makhleb.
  1548 | D:2      | Noticed a balrug
  1552 | D:2      | Noticed a smoke demon
  1552 | D:2      | Noticed an orange demon
  1589 | D:2      | Reached XP level 5. HP: 44/47 MP: 6/6
  1879 | D:3      | Found a hazy altar of Hepliaklqana.
  1954 | D:3      | Killed from afar by an orc wizard

Levels and vault maps discovered:
D:1:      lightli_arrival_statuegarden, layout_loops_cross
D:2:      layout_basic, makhleb_altar_promises_db, lemuel_doored_altar,
          grunt_ministairs_9, nicolae_ru_great_annihilating_truth
D:3:      minmay_chambers_of_threes, layout_loops_ring, lightli_temple_of_fire,
          lemuel_blue_sif_altar, elyvilon_altar_5,
          nicolae_overflow_crystal_walls, minivault_4

Skill      XL: |  1  2  3  4 |
---------------+-------------+-----
Invocations    | 1 |  1.5
Short Blades   | 1 |  1.3
Axes           | 1 |  1.3
Maces & Flails | 1 |  1.3
Polearms       | 1 |  1.3
Staves         | 1 |  1.3
Slings         | 1 |  1.3
Bows           | 1 |  1.3
Crossbows      | 1 |  1.3
Throwing       | 1 |  1.3
Dodging        | 1 |  1.3
Stealth        | 1 |  1.3
Unarmed Combat | 1 |  1.3
Spellcasting   | 1 |  1.3
Evocations     | 1 |  1.3
Conjurations   | 1 |  1.1
Hexes          | 1 |  1.1
Charms         | 1 |  1.1
Summonings     | 1 |  1.1
Necromancy     | 1 |  1.1
Translocations | 1 |  1.1
Transmutations | 1 |  1.1
Fire Magic     | 1 |  1.1
Ice Magic      | 1 |  1.1
Air Magic      | 1 |  1.1
Earth Magic    | 1 |  1.1
Poison Magic   | 1 |  1.1
Fighting       | |  6.6
Long Blades    | |  4.7
Armour         | |  6.6
Shields        | |  6.6

Action                   |  1- 3 |  4- 6 || total
-------------------------+-------+-------++-------
Melee: Long sword        |   103 |   112 ||   215
       Bite              |    13 |     9 ||    22
  Use: Scroll            |       |     7 ||     7
 Stab: Paralysed         |       |     1 ||     1
  Eat: Chunk             |       |     3 ||     3
Armor: Scale mail        |    35 |    52 ||    87
Dodge: Dodged            |    23 |    26 ||    49
Block: Shield            |    59 |    55 ||   114
       Rpst.: Long sword |    10 |     5 ||    15
